 Dungeon Crawl Stone Soup version 0.29.1-1-gd02db6906a (webtiles) character file.

Game seed: 15307188808832888186

60 Earthwalker the Covered (level 3, 0/33 HPs)
             Began as a Minotaur Fighter on Oct 15, 2022.
             Slain by an iguana (6 damage)
             ... on level 3 of the Dungeon.
             The game lasted 00:02:55 (1159 turns).

Earthwalker the Covered (Minotaur Fighter)          Turns: 1159, Time: 00:02:56

Health: 0/33       AC:  7    Str: 22    XL:     3   Next: 80%
Magic:  2/2        EV:  9    Int:  5    God:
Gold:   71         SH:  4    Dex:  9    Spells: 2/2 levels left

rFire   . . .      SeeInvis .   a - +0 trident
rCold   . . .      Faith    .   c - +0 buckler
rNeg    . . .      Spirit   .   b - +0 scale mail
rPois   .          Reflect  .   (helmet restricted)
rElec   .          Harm     .   (no cloak)
rCorr   .          Rampage  .   (no gloves)
Will    .....                   (no boots)
Stlth   ..........              (no amulet)
HPRegen 0.11/turn               (no ring)
MPRegen 0.08/turn               (no ring)

@: no status effects
A: horns 2, retaliatory headbutt
a: no special abilities


You were on level 3 of the Dungeon.
You visited 1 branch of the dungeon, and saw 3 of its levels.

You collected 71 gold pieces.

Inventory:

Hand Weapons
 a - a +0 trident (weapon)
Missiles
 g - 2 boomerangs
 k - 12 stones (quivered)
 l - a throwing net
Armour
 b - a +0 scale mail (worn)
 c - a +0 buckler (worn)
Jewellery
 f - a ring of flight
 j - a +6 ring of dexterity
 o - a ring of ice
Scrolls
 h - a scroll of fear {unknown}
 i - a scroll of enchant armour {unknown}
 m - a scroll of magic mapping
Potions
 d - a potion of might
 e - 2 potions of flight {unknown}
 n - 2 potions of curing {unknown}


   Skills:
 * Level 4.1 Fighting
 * Level 3.1 Polearms
 * Level 4.3 Armour
 * Level 1.4 Dodging
 * Level 4.0 Shields


You had 2 spell levels left.
You didn't know any spells.
Your spell library contained the following spells:

 Spells                   Type           Power      Damage    Failure   Level
 Apportation              Tloc           0%         N/A       87%         1
 Magic Dart               Conj           0%         1d3       87%         1
 Searing Ray              Conj           0%         2d4       95%         2
 Fulminant Prism          Conj/Hex       0%         3d6       100%        4
 Alistair's Intoxication  Tmut/Pois      0%         N/A       100%        5


Dungeon Overview and Level Annotations

Branches:
Dungeon (2/15)

Altars:

Shops:
D:3 (


Innate Abilities, Weirdness & Mutations

You have a pair of horns on your head.
You reflexively headbutt those who attack you in melee.


Message History

The iguana bites you but does no damage.
You hit the iguana. Your headbutt misses the iguana.
The iguana is lightly wounded.
The iguana bites you but does no damage.
You hit the iguana.
The iguana is moderately wounded.
The iguana bites you.
You are too injured to fight recklessly!
You are too injured to fight recklessly!
You are too injured to fight recklessly!
You are too injured to fight recklessly!
You are too injured to fight recklessly!
You are too injured to fight recklessly!
You are too injured to fight recklessly!
You are too injured to fight recklessly!
You are too injured to fight recklessly!
You are too injured to fight recklessly!
You are too injured to fight recklessly!
You are too injured to fight recklessly!
You are too injured to fight recklessly!
You are too injured to fight recklessly!
You are too injured to fight recklessly!
You are too injured to fight recklessly!
You are too injured to fight recklessly!
You are too injured to fight recklessly!
You are too injured to fight recklessly!
You are too injured to fight recklessly!
You are too injured to fight recklessly!
You hit the iguana.
The iguana is moderately wounded.
The iguana bites you.
You barely miss the iguana.
The iguana is moderately wounded.
You block the iguana's attack.
You closely miss the iguana. You headbutt the iguana!
The iguana is almost dead.
The iguana bites you!
* * * LOW HITPOINT WARNING * * *
The iguana bites you.
You die...

..... .#### ####
## #.. . >.. .
#.# .# #.##.##
####.#.>.###
#l@.........
#.....##.#...##.
#####.##.# .###
#.#..# )#..
#.#.###.#.#
..#.##..#.#
#.#.##.##.### #
#.#.##......#.#
#.#<#.....#.#


You could see an iguana.

Vanquished Creatures
  An adder (D:2)
  A dart slug (D:1)
  3 orcs (D:3)
  4 bats
  4 endoplasms
  3 giant cockroaches
  8 hobgoblins
  3 kobolds
  A quokka (D:1)
  2 ball pythons (D:1)
  4 frilled lizards
  4 goblins
  2 rats (D:1)
40 creatures vanquished.

Notes
Turn   | Place    | Note
-------+----------+-------------------------------------------
     0 | D:1      | Earthwalker the Minotaur Fighter began the quest for the
                  | Orb.
     0 | D:1      | Reached XP level 1. HP: 19/19 MP: 0/0
   195 | D:1      | Reached XP level 2. HP: 27/27 MP: 1/1
   568 | D:1      | Reached skill level 1 in Dodging
   702 | D:2      | Reached XP level 3. HP: 26/33 MP: 2/2
   870 | D:2      | You fall into a shaft and drop 1 floor!
   899 | D:3      | Found Haadokk's Antique Weapon Shop.
  1159 | D:3      | Slain by an iguana

Illustrated notes

Levels and vault maps discovered:
D:1:      scummos_arrival_star, layout_loops_cross
D:2:      layout_basic, basic_altar, serial_shops, shop
D:3:      layout_loops_ring, serial_shops, shop

Skill      XL: |  1  2  3 |
---------------+----------+-----
Armour         | 4 |  4.3
Dodging        | 1 |  1.4
Fighting       | 4 |  4.1
Polearms       | 3 |  3.1
Shields        | 4 |  4.0

Action                   || total
-------------------------++-------
Melee: Trident           ||    95
       Headbutt          ||     8
  Use: Scroll            ||     4
Armor: Scale mail        ||    28
Dodge: Dodged            ||    29
Block: Buckler           ||     8
